 Dungeon Crawl Stone Soup version 0.28-a0-1545-g945cd3f27e (webtiles) character file.

Game seed: 17777484294536892992

73 BritishOli the Ducker (level 4, -7/34 HPs)
             Began as a Demonspawn Gladiator on Jan 18, 2022.
             Killed from afar by an orc wizard (8 damage)
             ... with a magic dart
             ... on level 3 of the Dungeon.
             The game lasted 00:01:09 (2609 turns).

BritishOli the Ducker (Demonspawn Gladiator)        Turns: 2609, Time: 00:01:10

Health: -7/34      AC:  4    Str: 16    XL:     4   Next: 8%
Magic:  4/4        EV: 12    Int: 10    God:
Gold:   122        SH:  0    Dex: 14    Spells: 3/3 levels left

rFire   . . .      SeeInvis .   a - +0 war axe
rCold   . . .      Faith    .   (no shield)
rNeg    . . .      Spirit   .   b - +0 leather armour
rPois   .          Reflect  .   c - +0 helmet
rElec   .          Harm     .   (no cloak)
rCorr   .          Rampage  .   (no gloves)
Will    .....                   (no boots)
Stlth   +.........              (no amulet)
HPRegen 0.11/turn               (no ring)
MPRegen 0.09/turn               (no ring)

@: no status effects
A: condensation shield, weakness stinger 1
a: no special abilities


You were on level 3 of the Dungeon.
You visited 1 branch of the dungeon, and saw 3 of its levels.

You collected 122 gold pieces.

Inventory:

Hand Weapons
 a - a +0 war axe (weapon)
Missiles
 d - 3 throwing nets (quivered)
 i - 6 javelins
Armour
 b - a +0 leather armour (worn)
 c - a +0 helmet (worn)
Scrolls
 f - a scroll of fog {unknown}
 g - 2 scrolls of identify {unknown}
 h - 2 scrolls of enchant armour {unknown}
Potions
 e - a potion of cancellation {unknown}


   Skills:
 + Level 2.8 Fighting
 + Level 3.1 Axes
 + Level 2.5 Throwing
 + Level 3.2 Dodging


You had 3 spell levels left.
You didn't know any spells.
Your spell library contained the following spells:

 Spells                   Type           Power      Damage    Failure   Level
 Animate Skeleton         Necr           0%         N/A       43%         1
 Beastly Appendage        Tmut           0%         N/A       43%         1
 Pain                     Necr           0%         1d4       43%         1
 Wereblood                Tmut           0%         N/A       56%         2
 Spider Form              Tmut/Pois      0%         N/A       80%         3
 Vampiric Draining        Necr           0%         2d6       80%         3
 Airstrike                Air            0%         N/A       99%         4
 Summon Lightning Spire   Summ/Air       0%         N/A       99%         4
 Lightning Bolt           Conj/Air       0%         1d11      100%        5
 Summon Forest            Summ/Tloc      0%         N/A       100%        5
 Eringya's Noxious Bog    Tmut/Pois      0%         N/A       100%        6
 Summon Hydra             Summ           0%         N/A       100%        7


Dungeon Overview and Level Annotations

Branches:
Dungeon (3/15)

Altars:
Yredelemnul

Shops:
D:1 ?


Innate Abilities, Weirdness & Mutations

A meltable shield of frost defends you. (SH +0)
You have a small tail.


Message History

You hear some strange, mumbled words.
A magic dart appears from out of thin air!
The magic dart hits you. The orc hits you with a +0 war axe!
You hit the orc.
You kill the orc!
You closely miss something. Something barely misses you.
Unknown command.
No target in view!
Unknown command.
No target in view!
Unknown command.
No target in view!
There is a strange disturbance nearby!
No target in view!
No target in view!
You miss something.
Your tail-slap misses something.
You hear some strange, mumbled words.
You are confused.
Something hits you.
You're too confused to move!
Something barely misses you.
You hear some strange, mumbled words.
A puff of flame appears from out of thin air!
The puff of flame hits you.
Your condensation shield dissipates!
You hear some strange, mumbled words.
A puff of flame appears from out of thin air!
The puff of flame hits you!
* * * LOW HITPOINT WARNING * * *
You're too confused to move!
Something hits you but does no damage.
You're too confused to move!
Something hits you.
* * * LOW HITPOINT WARNING * * *
You hear some strange, mumbled words.
Something tries to affect you, but you resist.
You feel less confused. Something barely misses you.
You barely miss something.
You hear some strange, mumbled words.
A magic dart appears from out of thin air!
The magic dart hits you!
You die...

#+# #.#### #.##.. #.##.#
######.##.#
####.......#.############
...............).).......
####.......#.###{..##..#
########..<#.###@..##
.............##.....#
.####.###..####.....#
.##.....#..####.....#
.#..#'#.......#.....#
.#.##.##.######.....#
...#..)#...## #.....#
.####)####..# #######
##.#...#.##.#


There were no monsters in sight!

Vanquished Creatures
  An adder (D:2)
  A worm (D:2)
  A dart slug (D:1)
  2 orcs (D:3)
  6 ball pythons
  2 bats (D:1)
  4 endoplasms
  A giant cockroach (D:1)
  7 goblins
  13 hobgoblins
  4 kobolds
  A quokka (D:2)
  2 frilled lizards
  6 rats
51 creatures vanquished.

Notes
Turn   | Place    | Note
-------+----------+-------------------------------------------
     0 | D:1      | BritishOli the Demonspawn Gladiator began the quest for the
                  | Orb.
     0 | D:1      | Reached XP level 1. HP: 16/16 MP: 1/1
   368 | D:1      | Gained mutation: A meltable shield of frost defends you.
                  | (SH +0) [demonic ancestry]
   368 | D:1      | Reached XP level 2. HP: 16/22 MP: 2/2
   468 | D:1      | Found Uschytadd's Magic Scroll Emporium.
  1247 | D:2      | Found a faded altar of an unknown god.
  1260 | D:2      | Gained mutation: You have a small tail. [demonic ancestry]
  1260 | D:2      | Reached XP level 3. HP: 28/28 MP: 3/3
  1844 | D:2      | Identified the +2 chain mail "Pulimn" {Harm Drain Will+
                  | Stlth+}
  1850 | D:2      | Found a basalt altar of Yredelemnul.
  2542 | D:3      | Reached XP level 4. HP: 31/34 MP: 4/4
  2606 | D:3      | HP: 1/34 [something (4)]
  2609 | D:3      | Killed from afar by an orc wizard

Illustrated notes

Levels and vault maps discovered:
D:1:      dpeg_arrival_brainrot, layout_basic, serial_shops,
          nicolae_shop_crystal
D:2:      layout_loops_corners, hellmonk_ecumenical_altar_crossroads,
          serial_glass, glass_columns_a, glass_columns_c, glass_columns_a,
          glass_columns_a, glass_columns_a, glass_columns_a, glass_columns_c,
          glass_columns_c, glass_columns_a, glass_columns_c, glass_columns_c,
          glass_columns_a, glass_columns_a, glass_columns_b, basic_altar
D:3:      cheibrodos_greedy_goblins, layout_basic, serial_shops,
          nicolae_shop_stone, uniq_robin, uniq_terence

Skill      XL: |  1  2 |
---------------+-------+-----
Throwing       | 2 |  2.5
Axes           | 3 |  3.1
Dodging        | 3 |  3.2
Fighting       | |  2.8

Action                   |  1- 3 |  4- 6 || total
-------------------------+-------+-------++-------
Melee: War axe           |   129 |     9 ||   138
       Tailslap          |     5 |     2 ||     7
Armor: Leather armour    |    38 |     5 ||    43
Dodge: Dodged            |    78 |     6 ||    84
Block: Other             |    31 |     1 ||    32

Table legend: (Time is in decaauts)
 A = Elapsed time spent in this place.
 B = Non-inter-level travel time spent in this place.
 C = Inter-level travel time spent in this place.
 D = Time resting spent in this place.
 E = Time spent auto-exploring this place.
 F = Levels seen in this place.
 G = Mean time per level.
                   A        B        C        D        E       F      G
               +--------+--------+--------+--------+--------+-----+--------+
         Total |   2655 |   2596 |     59 |    317 |   1939 |   3 |  885.0 |
       Dungeon |   2655 |   2596 |     59 |    317 |   1939 |   3 |  885.0 |
               +--------+--------+--------+--------+--------+-----+--------+

Top non-repeatable levels by time:
     D:2: 1365 daAuts
     D:1: 1076 daAuts
     D:3: 213 daAuts
